 Dungeon Crawl Stone Soup version 0.32-a0-898-g7811c86cf0 (webtiles) character file.

Game seed: 13894645543146021320

94 DEFE the Chopper (level 4, -1/35 HPs)
             Began as a Coglin Fighter on Apr 4, 2024.
             Incinerated by a bombardier beetle (4 damage)
             ... with a burning spray
             ... on level 3 of the Dungeon.
             The game lasted 00:01:09 (1782 turns).

DEFE the Chopper (Coglin Fighter)                   Turns: 1782, Time: 00:01:09

Health: -1/35      AC:  6    Str: 18    XL:     4   Next: 63%
Magic:  4/4        EV:  8    Int:  7    God:
Gold:   171        SH:  4    Dex: 14    Spells: 3/3 levels left

rFire   . . .        a - +0 war axe {Juan}
rCold   . . .        c - +0 buckler
rNeg    . . .        b - +0 scale mail
rPois   .            (no helmet)
rElec   .            (no cloak)
rCorr   .            (no gloves)
SInv    .            (no boots)
Will    .....        (amulet unavailable) Stlth
                     (ring unavailable)
HPRegen 0.25/turn    (ring unavailable)
MPRegen 0.09/turn    (no gizmo)

%: no passive effects
@: on fire, glowing, revved
A: off-hand wielding, slow wielding, warmup strikes, no jewellery
a: Invent Gizmo


You were on level 3 of the Dungeon.
You visited 1 branch of the dungeon, and saw 3 of its levels.

You collected 171 gold pieces.

Inventory:

Hand Weapons
 a - a +0 war axe (weapon) {Juan}
Armour
 b - a +0 scale mail (worn)
 c - a +0 buckler (worn)
Scrolls
 f - 5 scrolls of identify {unknown}
 g - 3 scrolls of enchant weapon {unknown}
 h - a scroll of fear {unknown}
 i - 2 scrolls of torment {unknown}
 l - 3 scrolls of vulnerability {unknown}
 m - a scroll of noise {unknown}
 n - a scroll of teleportation {unknown}
Potions
 d - 2 potions of might
 e - 2 potions of curing {unknown}
 j - a potion of enlightenment {unknown}
 k - a potion of heal wounds {unknown}
 o - a potion of invisibility {unknown}


   Skills:
 - Level 3.0 Fighting
 + Level 4.7 Axes
 - Level 2.6 Armour
 - Level 2.1 Shields


You had 3 spell levels left.
You didn't know any spells.
Your spell library contained the following spells:

 Spells                   Type           Power      Damage    Failure   Level
 Blink                    Tloc           0%         N/A       96%         2
 Ensorcelled Hibernation  Hex/Ice        0%         N/A       96%         2
 Lesser Beckoning         Tloc           0%         N/A       96%         2
 Momentum Strike          Conj/Tloc      0%         3d8       96%         2
 Passwall                 Erth           0%         N/A       99%         3
 Swiftness                Air            0%         N/A       99%         3
 Volatile Blastmotes      Fire/Tloc      0%         2d10      99%         3
 Fulminant Prism          Conj/Alch      0%         3d5       100%        4
 Iskenderun's Mystic Bla Conj/Tloc 0%             2d3        (+2d1     100%        4


Dungeon Overview and Level Annotations

Branches:
Dungeon (3/15)

Altars:
Beogh


Innate Abilities, Weirdness & Mutations

You can wield a second weapon in your off-hand.
It takes a long time for you to wield or remove held weapons.
Your first few attacks do less damage.
You cannot equip rings or amulets.


Message History

The liquid fire burns you! You block the gnoll's attack.
The bombardier beetle sprays incendiary fluid at you.
The burning spray hits you.
You are even more covered in liquid fire!
You slash the bombardier beetle!
You kill the bombardier beetle!
The liquid fire burns you!
The gnoll hits you from afar with a +0 spear.
The gnoll closely misses you.
You shake off some of the fire as you move.
The liquid fire burns you! You block the gnoll's attack.
You see here a bat corpse.
Unknown command.
You are too injured to fight recklessly!
You are too injured to fight recklessly!
Unknown command.
You are too injured to fight recklessly!
You slash the gnoll!
The gnoll is severely wounded.
The liquid fire burns you! The gnoll hits you but does no damage.
Unknown command.
You closely miss the gnoll.
The gnoll is severely wounded.
The liquid fire burns you!
* * * LOW HITPOINT WARNING * * *
The gnoll hits you but does no damage.
You hit the gnoll but do no damage.
The gnoll is severely wounded.
The liquid fire burns you!
* * * LOW HITPOINT WARNING * * *
The gnoll closely misses you.
Unknown command.
Unknown command.
You barely miss the gnoll.
The gnoll is severely wounded.
The liquid fire burns you!
You die...

############
#..........#
#..........# ###
#......†...# ..####
#.....@....# #....##
#.....g....#
####..#####..........#
..###...................
#..#########........##..
##...######........... .
###................##.
###..............#
.#####...............


You could see a gnoll.

Vanquished Creatures
  A bombardier beetle (D:3)
  An adder (D:3)
  A dart slug (D:1)
  A ribbon worm (D:3)
  5 bats
  6 endoplasms
  2 giant cockroaches (D:1)
  5 goblins
  3 hobgoblins
  7 jackals (D:1)
  3 kobolds
  3 ball pythons
  4 frilled lizards
  4 rats
46 creatures vanquished.

Notes
Turn   | Place    | Note
-------+----------+-------------------------------------------
     0 | D:1      | DEFE the Coglin Fighter began the quest for the Orb.
     0 | D:1      | Reached XP level 1. HP: 18/18 MP: 1/1
   197 | D:1      | Found a roughly hewn altar of Beogh.
   207 | D:1      | Reached XP level 2. HP: 24/24 MP: 2/2
   219 | D:1      | Found a faded altar of an unknown god.
   267 | D:1      | Reached skill level 3 in Axes
   489 | D:1      | Reached XP level 3. HP: 26/29 MP: 3/3
  1623 | D:3      | Reached skill level 4 in Axes
  1625 | D:3      | Reached XP level 4. HP: 34/35 MP: 4/4
  1782 | D:3      | Incinerated by a bombardier beetle

Illustrated notes

Levels and vault maps discovered:
D:1:      minmay_arrival_shattered_statue, layout_loops_corners,
          hellmonk_ecumenical_altar_defaced_shrine, minmay_misc_feat_encased,
          hangedman_feature_mirror
D:2:      layout_rooms, kennysheep_generic_room_7
D:3:      layout_rooms, grunt_dithmenos_smoke_and_mirrors, uniq_grinder

Skill      XL: |  1  2  3 |
---------------+----------+-----
Axes           | 3 4 |  4.7
Fighting       | |  3.0
Armour         | |  2.6
Shields        | |  2.1

Action                     |  1- 3 |  4- 6 || total
---------------------------+-------+-------++-------
  Melee: War axe           |    90 |    20 ||   110
 Armour: Scale mail        |    70 |    15 ||    85
  Dodge: Dodged            |    38 |     5 ||    43
  Block: Buckler           |    18 |     6 ||    24

Table legend: (Time is in decaauts)
 A = Elapsed time spent in this place.
 B = Non-inter-level travel time spent in this place.
 C = Inter-level travel time spent in this place.
 D = Time resting spent in this place.
 E = Time spent auto-exploring this place.
 F = Levels seen in this place.
 G = Mean time per level.
                   A        B        C        D        E       F      G
               +--------+--------+--------+--------+--------+-----+--------+
         Total |   1822 |   1741 |     81 |      0 |   1446 |   3 |  607.3 |
       Dungeon |   1822 |   1741 |     81 |      0 |   1446 |   3 |  607.3 |
               +--------+--------+--------+--------+--------+-----+--------+

Top non-repeatable levels by time:
     D:1: 1087 daAuts
     D:2: 564 daAuts
     D:3: 170 daAuts
